 Dungeon Crawl Stone Soup version 0.26.1-2-gb8aa6d0cf2 (webtiles) character file.

Game seed: 287078254674067461

15031 Revguard the Thaumaturge (level 11, -4/75 HPs)
             Began as a Demonspawn Venom Mage on Mar 21, 2021.
             Was an Initiate of Gozag.
             Slain by a wyvern (6 damage)
             ... while petrified by a basilisk
             ... on level 9 of the Dungeon.
             The game lasted 00:45:45 (11577 turns).

Revguard the Thaumaturge (Demonspawn Venom Mage)   Turns: 11577, Time: 00:45:46

Health: -4/75      AC: 23    Str: 10    XL:     11   Next: 96%
Magic:  6/23       EV:  2    Int: 18    God:    Gozag
Gold:   1423       SH:  0    Dex: 14    Spells: 5/27 levels left

rFire    . . .     SeeInvis .   u - +4 dagger (venom)
rCold    . . .     Faith    .   (no shield)
rNeg     + + +     Spirit   .   A - +3 troll leather armour
rPois    ∞         Reflect  .   (helmet restricted)
rElec    .         Harm     .   h - +2 cloak
rCorr    .         Rampage  .   k - +0 pair of gloves
Will     +....                  j - +2 pair of boots {Stlth+}
Stlth    ++++......             (no amulet)
HPRegen  0.62/turn              d - +4 ring of protection
MPRegen  0.18/turn              y - ring of willpower

@: petrified
A: antennae 2, talons 1, slimy green scales 3, blurry vision 1, demonic guardian
1, sense surroundings 1, miasma immunity, MP-powered wands
a: Renounce Religion, Potion Petition, Call Merchant, Bribe Branch


You were on level 9 of the Dungeon.
You worshipped Gozag.
Gozag was most pleased with you.
You visited 1 branch of the dungeon, and saw 10 of its levels.
You also visited: Bailey.

You collected 2834 gold pieces.
You spent 1338 gold pieces at shops.
You paid 73 gold pieces to Gozag.

Inventory:

Hand Weapons
 i - a +0 spectral quarterstaff
 u - a +4 dagger of venom (weapon)
Armour
 h - a +2 cloak (worn)
 j - a +2 pair of boots of stealth (worn)
 k - a +0 pair of gloves (worn)
 A - a +3 troll leather armour (worn)
Jewellery
 d - a +4 ring of protection (left hand)
 s - an uncursed amulet of guardian spirit
 y - a ring of willpower (right hand)
 F - a +6 ring of strength
Wands
 g - a wand of polymorph (16)
 m - a wand of random effects (37)
 z - a wand of acid (5)
Scrolls
 a - 2 scrolls of amnesia
 f - a scroll of fog
 l - 3 scrolls of teleportation
 o - 6 scrolls of remove curse
 p - 3 scrolls of immolation
 q - a scroll of magic mapping
 w - a scroll of fear
 x - 4 scrolls of blinking
 B - 2 scrolls of random uselessness
 C - a scroll of identify
 E - a scroll of brand weapon
Potions
 b - 4 potions of haste
 c - 5 potions of curing
 e - a potion of invisibility
 n - a potion of heal wounds
 r - a potion of brilliance
 v - a potion of resistance
 D - 2 potions of flight
Miscellaneous
 t - a condenser vane (inert)


   Skills:
 + Level 3.4 Fighting
 + Level 4.9 Short Blades
 + Level 3.6 Armour
 + Level 5.0 Dodging
 + Level 5.4 Stealth
 - Level 1.2 Unarmed Combat
 * Level 8.8 Spellcasting
 + Level 2.9 Conjurations
 + Level 2.2 Hexes
 * Level 4.9 Transmutations
 * Level 6.6 Fire Magic
 + Level 3.2 Air Magic
 * Level 8.8 Poison Magic
 * Level 3.2 Evocations


You had 5 spell levels left.
You knew the following spells:

 Your Spells              Type           Power        Failure   Level
a - Sting                 Tmut/Pois      100%         1%          1
b - Poisonous Vapours     Pois/Air       58%          1%          2
c - Ignite Poison         Fire/Tmut/Pois 32%          2%          3
d - Mephitic Cloud        Conj/Pois/Air  25%          4%          3
e - Olgreb's Toxic Radia  Pois           39%          3%          4
f - Inner Flame           Hex/Fire       23%          6%          3
g - Eringya's Noxious Bo  Tmut/Pois      16%          71%         6

Your spell library contained the following spells:

 Spells                   Type           Power        Failure   Level
 Beastly Appendage        Tmut           50%          1%          1
 Magic Dart               Conj           72%          3%          1
 Corona                   Hex            17%          4%          1
 Conjure Flame            Conj/Fire      25%          4%          3
 Slow                     Hex            16%          7%          2
 Ensorcelled Hibernation  Hex/Ice        22%          12%         2
 Dazzling Flash           Conj/Hex       34%          12%         3
 Confusing Touch          Hex            16%          14%         3
 Tukima's Dance           Hex            16%          14%         3
 Blink                    Tloc           N/A          19%         2
 Call Imp                 Summ           7%           19%         2
 Alistair's Intoxication  Tmut/Pois      21%          19%         5
 Blade Hands              Tmut           12%          38%         5
 Iskenderun's Mystic Bla  Conj/Tloc      13%          54%         4
 Statue Form              Tmut/Erth      10%          100%        6


Dungeon Overview and Level Annotations

Branches:
Dungeon (10/15)            Temple (0/1) D:7          Bailey (visited)
   Lair: D:8-11         Orc: D:9-12

Altars:
Gozag
Qazlal
Trog
Xom
Beogh

Shops:
D:5 ?   D:7 [   D:8 *


Innate Abilities, Weirdness & Mutations

You have a pair of antennae on your head.
You are completely covered in slimy green scales. (AC +4, rPois)
A weak demonic guardian rushes to your aid.
You are immune to miasma.
You have sharp toenails.
Scrolls take you a little longer to read.
You passively map a small area around you.
You expend magic power (3 MP) to strengthen your wands.


Message History

The yak gores you but does no damage. The basilisk bites you.
* * * LOW HITPOINT WARNING * * *
Your iron imp hits the wyvern.
The wyvern bites you but does no damage.
The yak gores you but does no damage. The basilisk gazes at you.
You resist with almost no effort. The wyvern bites you!
* * * LOW HITPOINT WARNING * * *
Your iron imp barely misses the wyvern.
The water moccasin is no longer distracted by gold.
The wyvern is no longer distracted by gold.
The wyvern bites you!
* * * LOW HITPOINT WARNING * * *
The wyvern bites you but does no damage.
The water moccasin bites you but does no damage.
The yak barely misses you. The basilisk bites you!
* * * LOW HITPOINT WARNING * * *
The wyvern bites you!
You die...
Your body crumbles into a pile of gold.

#############...# #..#######
#############...# #..#...###
#.....).........#####..#(())..
#.....)................#...#).
#.###########..........#.♣.###
#.# #..........#......
#.###########..........#######
#...........l.Y..#######♣♣♣♣♣.
#...........l@l..#♣♣.♣♣#♣.♣♣.#
#############S.5.#♣...♣#.♣.♣.#
#..#.#♣♣.♣♣#♣♣♣..# #..#.#♣...♣
♣♣♣. #############..#)#♣♣.♣♣
##### #................#♣...♣#
♣.♣ #
#.#####...######.#.≈≈≈.♣♣♣.♣♣♣
#.# #...#####.)))≈≈≈....♣..'
#.#####..........#)≈≈≈.♣♣♣.♣♣♣


You could see a yak, a basilisk, a water moccasin, 2 wyverns and a friendly iron
imp (summoned).

Vanquished Creatures
  A hydra (D:9)
  4 two-headed ogres
  A deep troll (D:9)
  An unseen horror (D:9)
  An orc knight (Bailey)
  A moth of wrath (D:7)
  A yak (D:10)
  Grum (D:7)
  3 ice beasts (D:6)
  6 orc warriors
  2 sky beasts
  A phantom (D:10)
  11 ogres
  6 centaurs
  A big kobold (D:9)
  7 bullfrogs
  2 gnoll sergeants (D:7)
  3 scorpions
  2 killer bees (D:9)
  13 wights
  A quasit (D:9)
  A bullfrog zombie (D:9)
  A gnoll shaman (D:7)
  14 hounds
  A jelly (D:6)
  An orc priest (D:3)
  A centaur skeleton (D:9)
  A bullfrog skeleton (D:4)
  Terence (D:3)
  4 iguanas
  10 orc wizards
  11 worker ants
  A killer bee zombie (D:7)
  A hound skeleton (D:9)
  3 worker ant zombies
  Robin (D:4)
  A howler monkey skeleton (D:4)
  12 adders
  16 gnolls
  2 shadow imps
  2 ufetubi (D:9)
  2 adder zombies
  2 oozes
  An adder skeleton (D:9)
  5 worms
  2 dart slugs
  5 leopard geckos
  30 orcs
  7 giant cockroaches
  21 goblins
  10 hobgoblins
  7 jackals
  20 kobolds
  2 quokkas
  2 ball pythons
  9 bats
  9 frilled lizards
  A leopard gecko skeleton (D:4)
  10 rats
  3 butterflies (D:5)
302 creatures vanquished.

Vanquished Creatures (collateral kills)
  Prince Ribbit (D:5)
  A wyvern (D:5)
  The ghost of Almogavar the Slasher, an amateur MiBe of Trog (D:3)
  3 wights (D:7)
  A hound (D:2)
  2 orc priests
  An orc wizard (D:3)
  A worker ant (D:5)
  A white imp (D:7)
  A leopard gecko (D:3)
13 creatures vanquished.

Vanquished Creatures (others)
  A fungus (D:10)
  4 plants (D:10)
5 creatures vanquished.

Grand Total: 320 creatures vanquished

Notes
Turn   | Place    | Note
-------+----------+-------------------------------------------
     0 | D:1      | Revguard the Demonspawn Venom Mage began the quest for the
                  | Orb.
     0 | D:1      | Reached XP level 1. HP: 13/13 MP: 3/3
   276 | D:1      | Reached skill level 1 in Transmutations
   276 | D:1      | Gained mutation: You are immune to miasma. [demonic
                  | ancestry]
   276 | D:1      | Reached XP level 2. HP: 19/19 MP: 0/5
   339 | D:1      | Learned a level 2 spell: Poisonous Vapours
  1195 | D:2      | Gained mutation: A weak demonic guardian rushes to your
                  | aid. [demonic ancestry]
  1195 | D:2      | Reached XP level 3. HP: 24/24 MP: 1/6
  1222 | D:2      | Reached skill level 1 in Unarmed Combat
  1446 | D:2      | Gained mutation: You are partially covered in slimy green
                  | scales. (AC +2) [demonic ancestry]
  1446 | D:2      | Reached XP level 4. HP: 31/31 MP: 3/7
  1450 | D:2      | Learned a level 3 spell: Ignite Poison
  2234 | D:3      | Found a roughly hewn altar of Beogh.
  2414 | D:3      | Gained mutation: You have a pair of small antennae on your
                  | head. [demonic ancestry]
  2414 | D:3      | Reached XP level 5. HP: 10/36 MP: 1/9
  2838 | D:3      | Found a runed translucent gate.
  2839 | D:3      | Found a runed translucent gate.
  2839 | D:3      | Found an opulent altar of Gozag.
  2840 | D:3      | Found a runed translucent gate.
  2856 | D:3      | Noticed Almogavar's ghost (amateur MiBe)
  2924 | D:3      | Found a faded altar of an unknown god.
  2936 | D:3      | Reached skill level 1 in Fire Magic
  3291 | D:3      | Gained mutation: You are robust. (+10% HP) [potion of
                  | mutation]
  3291 | D:3      | Gained mutation: Scrolls take you a little longer to read.
                  | [potion of mutation]
  3291 | D:3      | Gained mutation: Your body sometimes deteriorates upon
                  | taking damage. [potion of mutation]
  3291 | D:3      | Gained mutation: You passively map a small area around you.
                  | [potion of mutation]
  3293 | D:3      | Noticed Terence
  3301 | D:3      | Killed Terence
  3658 | D:3      | Killed Almogavar's ghost
  3659 | D:3      | Reached skill level 1 in Short Blades
  3659 | D:3      | Reached skill level 1 in Armour
  3659 | D:3      | Reached XP level 6. HP: 19/46 MP: 10/10
  3679 | D:3      | Became a worshipper of Gozag Ym Sagoz the Greedy
  4090 | D:4      | Noticed Robin
  4107 | D:4      | Killed Robin
  4237 | D:4      | Reached skill level 1 in Fighting
  4237 | D:4      | Reached XP level 7. HP: 51/52 MP: 7/11
  4258 | D:4      | Learned a level 3 spell: Mephitic Cloud
  4593 | D:4      | Found a stormy altar of Qazlal.
  4607 | D:4      | Reached skill level 1 in Air Magic
  5211 | D:5      | Entered Level 5 of the Dungeon
  5212 | D:5      | Found Tabb's Magic Scroll Emporium.
  5224 | D:5      | Learned a level 4 spell: Olgreb's Toxic Radiance
  5329 | D:5      | Noticed a two-headed ogre
  5330 | D:5      | Noticed Prince Ribbit
  5336 | D:5      | Killed a two-headed ogre
  5337 | D:5      | Reached skill level 5 in Poison Magic
  5337 | D:5      | Gained mutation: You have a pair of antennae on your head.
                  | [demonic ancestry]
  5337 | D:5      | Reached XP level 8. HP: 30/59 MP: 5/14
  5349 | D:5      | Killed Prince Ribbit
  5845 | D:5      | Found a runed translucent door.
  5847 | D:5      | Found a runed translucent door.
  6105 | D:6      | Reached skill level 5 in Spellcasting
  6105 | D:6      | Reached XP level 9. HP: 66/66 MP: 12/16
  7697 | D:7      | Gained mutation: You are mostly covered in slimy green
                  | scales. (AC +3) [demonic ancestry]
  7697 | D:7      | Reached XP level 10. HP: 61/73 MP: 6/19
  7704 | D:7      | Reached skill level 5 in Stealth
  7704 | D:7      | Reached skill level 5 in Fire Magic
  7704 | D:7      | Gained mutation: You are completely covered in slimy green
                  | scales. (AC +4, rPois) [demonic ancestry]
  7704 | D:7      | Reached XP level 11. HP: 70/82 MP: 7/21
  7894 | D:7      | Found a staircase to the Ecumenical Temple.
  7995 | D:7      | Found Cyubling's Antique Armour Emporium.
  8003 | D:7      | Bought a glowing troll leather armour for 324 gold pieces
  8030 | D:7      | Found a bloodstained altar of Trog.
  8287 | D:7      | Noticed Grum
  8292 | D:7      | Killed Grum
  8570 | D:8      | Found a flagged portal.
  8591 | Bailey   | Entered a bailey
  8859 | Bailey   | Noticed an orc knight
  8899 | Bailey   | Killed an orc knight
  9196 | D:8      | Identified a scroll of acquirement
  9200 | D:8      | Acquired Idoshriab's Collected Works on the Flamy Compass
  9208 | D:8      | Learned a level 3 spell: Inner Flame
  9228 | D:8      | Found Gocsiu's Changing Room.
  9239 | D:8      | Bought a potion of mutation for 104 gold pieces
  9239 | D:8      | Bought the Handbook of Transmigration for 910 gold pieces
  9250 | D:8      | Learned a level 6 spell: Eringya's Noxious Bog
  9250 | D:8      | Lost mutation: You are robust. (+10% HP) [potion of
                  | mutation]
  9250 | D:8      | Lost mutation: Your body sometimes deteriorates upon taking
                  | damage. [potion of mutation]
  9250 | D:8      | Gained mutation: You have sharp toenails. [potion of
                  | mutation]
  9250 | D:8      | Gained mutation: You expend magic power (3 MP) to
                  | strengthen your wands. [potion of mutation]
  9499 | D:8      | Found a shimmering altar of Xom.
 10382 | D:9      | Noticed a two-headed ogre
 10393 | D:9      | Killed a two-headed ogre
 10798 | D:9      | Noticed a six-headed hydra
 10808 | D:9      | Killed a six-headed hydra
 10810 | D:9      | Noticed a two-headed ogre
 10819 | D:9      | Killed a two-headed ogre
 11045 | D:9      | Noticed a deep troll
 11061 | D:9      | Killed a deep troll
 11104 | D:9      | Killed an unseen horror
 11314 | D:9      | Noticed a two-headed ogre
 11320 | D:9      | Killed a two-headed ogre
 11321 | D:9      | Reached skill level 5 in Dodging
 11543 | D:10     | Entered Level 10 of the Dungeon
 11577 | D:9      | HP: 2/75 [basilisk (4)]
 11577 | D:9      | Slain by a wyvern

Illustrated notes

Levels and vault maps discovered:
D:1:      dpeg_arrival_rooms_a, layout_basic, bh_walls_and_bars
D:2:      layout_basic
D:3:      layout_loops_cross, chequers_ecumenical_altar_simple_redux,
          ebering_ghost_gozag, kennysheep_orc_chapel, uniq_terence
D:4:      layout_basic, minmay_misc_feat_enclosed,
          nicolae_qazlal_eye_of_the_storm, uniq_robin
D:5:      lemuel_insect_pit, layout_cave_pools, serial_shops,
          nicolae_shop_stone, uniq_prince_ribbit1
D:6:      layout_gridville, minivault_24, minivault_24
D:7:      layout_cave_pools, tgw_trog, minmay_temple_entry_enclosed_plants,
          serial_gnoll_camp, gnoll_camp_mini_loothouse,
          gnoll_camp_mini_sergeant, grums_kennel, gnoll_camp_mini_basic,
          gnoll_camp_mini_house, serial_shops, shop
D:8:      layout_basic, basic_altar, enter_bailey_4, nicolae_transmutations_shop
D:9:      nzn_winding_woodlands_stair_cross [nzn_winding_woodlands_5x15_pool,
          nzn_winding_woodlands_center_lodge, nzn_winding_woodlands_5x15_cabin,
          nzn_winding_woodlands_5x5_cross,
          nzn_winding_woodlands_5x5_checkerboard,
          nzn_winding_woodlands_5x15_pockets,
          nzn_winding_woodlands_center_diamonds,
          nzn_winding_woodlands_5x15_crooked], layout_long_grid
D:10:     layout_roguey, minmay_lair_entry_grove, david_orc_1_choice,
          blue_anna_alchemist [blue_anna_fruit_fields, blue_anna_fruit_fields]

Skill      XL: |  1  2  3  4  5  6  7  8  9 10 11 |
---------------+----------------------------------+-----
Transmutations | 1 2 3 4 |  4.9
Unarmed Combat | 1 |  1.2
Stealth        | 2 3 4 5 |  5.4
Dodging        | 2 3 4 5 |  5.0
Spellcasting   | 3 4 5 6 7 8 |  8.8
Fire Magic     | 1 2 3 4 5 6 |  6.6
Poison Magic   | 4 5 6 7 8 |  8.8
Short Blades   | 1 2 3 4 |  4.9
Armour         | 1 2 3 |  3.6
Fighting       | 1 2 3 |  3.4
Air Magic      | 1 2 3 |  3.2
Conjurations   | 2 |  2.9
Hexes          | 2 |  2.2
Evocations     | 2 3 |  3.2

Action                   |  1- 3 |  4- 6 |  7- 9 | 10-12 || total
-------------------------+-------+-------+-------+-------++-------
Melee: Unarmed           |    26 |       |       |       ||    26
       Short sword       |    16 |    42 |       |       ||    58
       Dagger            |       |   135 |   213 |   198 ||   546
       Punch             |       |     2 |     3 |       ||     5
 Cast: Sting             |    39 |    26 |     3 |     1 ||    69
       Poisonous Vapours |     6 |     8 |     9 |    20 ||    43
       Ignite Poison     |       |     3 |    20 |    30 ||    53
       Olgreb's Toxic Ra |       |       |    10 |    19 ||    29
       Mephitic Cloud    |       |       |     5 |    19 ||    24
       Inner Flame       |       |       |       |     9 ||     9
Evoke: Wand              |       |       |       |     1 ||     1
       Condenser vane    |       |       |       |     1 ||     1
  Use: Potion            |       |     6 |     1 |     6 ||    13
       Scroll            |       |    16 |     1 |    10 ||    27
 Stab: Sleeping          |       |     4 |     7 |     4 ||    15
       Invisible         |       |     1 |       |     3 ||     4
       Distracted        |       |       |     2 |       ||     2
Armor: Robe              |    10 |       |       |       ||    10
       Leather armour    |    18 |    82 |   112 |     2 ||   214
       Skin              |       |     1 |       |       ||     1
       Troll leather arm |       |       |       |   139 ||   139
Dodge: Dodged            |    54 |   142 |   123 |   142 ||   461
